AoeStats
← tobinho_125

Hill Fort

505971021Analyzed
3v3 RM · 20d ago on Sep 11, 2026· 74m 19s· 6 players
Game mode
Random Map
Map size
Normal (6 player)
Population
200
Speed
Normal
Resources
Standard
Victory
Conquest
Starting age
Dark Age
Ending age
Imperial Age
RankedLock teamsTeams togetherTeam positionsShared explorationLock speedFull tech treeHidden civsTurbo modeCheats
Victory
Defeat
🇩🇪 Romans · Germany
886
+13
🇩🇪 Ethiopians · Germany
875
+13
🇵🇪 Khmer · Peru
857
+14
🇵🇱 Turks · Poland
859
-15
🇵🇱 Persians · Poland
846
-15
🇵🇱 Tatars · Poland
727
-10
kuberos
15:43 Feudal Age
18:38 Double-Bit Axe
18:39 Horse Collar
20:30 Stone Mining
20:30 Gold Mining
27:00 Castle Age
31:07 Wheelbarrow
30:46 Heavy Plow
33:46 Squires
33:08 Pikeman
41:10 Scale Barding Armor
40:56 Fletching
41:07 Padded Archer Armor
43:53 Imperial Age
45:29 Heavy Cavalry Archer
46:25 Silk Armor
46:13 Elite Keshik
48:30 Timurid Siegecraft
51:34 Leather Archer Armor
Slimakon
12:05 Feudal Age
12:36 Horse Collar
14:16 Double-Bit Axe
21:15 Castle Age
19:59 Gold Mining
22:02 Bow Saw
21:56 Heavy Plow
22:53 Stone Mining
24:15 Padded Archer Armor
24:21 Scale Barding Armor
24:26 Forging
23:55 Crossbowman
24:44 Thumb Ring
28:24 Leather Archer Armor
28:44 Iron Casting
28:29 Chain Barding Armor
28:03 Fletching
28:58 Gold Shaft Mining
30:38 Kamandaran
32:06 Bodkin Arrow
32:32 Chain Barding Armor
35:45 Wheelbarrow
35:05 Light Cavalry
35:45 Husbandry
35:55 Bloodlines
38:26 Hand Cart
40:20 Ballistics
49:35 Imperial Age
52:23 Hussar
54:13 Conscription
59:41 Crop Rotation
60:17 Two-Man Saw
esiokamikadze
10:58 Feudal Age
11:44 Double-Bit Axe
13:32 Loom
18:46 Castle Age
18:12 Horse Collar
18:28 Gold Mining
20:11 Bow Saw
20:14 Heavy Plow
20:59 Gold Shaft Mining
21:05 Wheelbarrow
22:38 Hand Cart
23:14 Town Watch
27:09 Padded Archer Armor
27:48 Fletching
28:32 Stone Mining
29:04 Leather Archer Armor
32:18 Imperial Age
31:35 Scale Barding Armor
31:41 Forging
32:37 Ballistics
32:13 Murder Holes
32:29 Masonry
33:27 Conscription
33:08 Artillery
34:19 Elite Janissary
36:16 Chain Barding Armor
35:51 Bodkin Arrow
36:36 Bloodlines
36:27 Husbandry
40:30 Plate Barding Armor
40:31 Iron Casting
Cramgee
11:29 Feudal Age
12:29 Double-Bit Axe
14:08 Horse Collar
15:44 Fletching
19:19 Padded Archer Armor
19:30 Gold Mining
24:33 Castle Age
24:44 Wheelbarrow
23:57 Town Watch
23:58 Loom
25:01 Crossbowman
26:50 Thumb Ring
27:43 Bow Saw
27:41 Heavy Plow
29:05 Bodkin Arrow
39:23 Imperial Age
37:09 Hand Cart
39:33 Ballistics
42:35 Two-Man Saw
42:22 Gold Shaft Mining
41:37 Stone Mining
41:12 Halberdier
42:22 Onager
44:13 Siege Engineers
45:29 Chemistry
47:23 Caravan
47:44 Guilds
49:02 Siege Onager
50:34 Murder Holes
50:53 Fortified Wall
52:36 Leather Archer Armor
52:21 Bracer
54:44 Arbalester
55:58 Ring Archer Armor
67:04 Squires
71:15 Forging
71:06 Scale Mail Armor
71:16 Arson
72:57 Conscription
73:30 Chain Mail Armor
73:50 Iron Casting
73:33 Arson
74:43 Plate Mail Armor
tobinho_125
12:24 Feudal Age
10:45 Loom
13:03 Double-Bit Axe
18:55 Castle Age
18:27 Wheelbarrow
21:08 Bow Saw
20:43 Horse Collar
20:40 Pikeman
25:11 Town Watch
25:45 Scale Mail Armor
25:45 Padded Archer Armor
25:56 Forging
28:25 Caravan
33:01 Imperial Age
31:03 Ballistas
31:08 Town Patrol
31:24 Hand Cart
31:58 Hand Cart
32:00 Heavy Plow
34:45 Conscription
34:22 Halberdier
34:39 Man-at-Arms
35:40 Capped Ram
36:35 Gold Mining
36:39 Siege Ram
37:39 Heavy Scorpion
38:45 Long Swordsman
39:28 Squires
40:36 Onager
41:58 Leather Archer Armor
41:33 Fletching
41:58 Chain Mail Armor
42:19 Iron Casting
41:57 Legionary
43:47 Ballistics
44:29 Chemistry
43:25 Cavalier
44:05 Husbandry
46:15 Siege Engineers
58:40 Ring Archer Armor
58:05 Bodkin Arrow
59:10 Blast Furnace
58:16 Scale Barding Armor
59:28 Light Cavalry
63:31 Chain Barding Armor
Yo Pe
5:24 Loom
9:35 Feudal Age
14:59 Double-Bit Axe
15:24 Horse Collar
19:46 Castle Age
19:09 Town Watch
21:07 Bow Saw
20:52 Stone Mining
27:23 Town Patrol
29:01 Wheelbarrow
30:02 Stone Shaft Mining
29:19 Gold Mining
30:20 Hand Cart
30:25 Heavy Plow
32:21 Gold Shaft Mining
36:02 Imperial Age
37:28 Caravan
39:26 Chemistry
38:31 Siege Engineers
38:47 Ballistics
38:18 Heated Shot
38:19 Guard Tower
38:24 Murder Holes
38:40 Masonry
38:40 Fortified Wall
38:38 Scale Barding Armor
38:44 Forging
38:24 Fletching
38:34 Scale Mail Armor
38:35 Padded Archer Armor
39:22 Double Crossbow
38:53 Sappers
39:44 Conscription
39:33 Light Cavalry
40:50 Hoardings
40:44 Chain Barding Armor
41:00 Iron Casting
40:02 Heavy Scorpion
41:44 Hussar
42:42 Bloodlines
42:33 Husbandry
41:55 Cavalier
45:35 Architecture
45:41 Keep
45:44 Plate Barding Armor
48:32 Blast Furnace
47:28 Bodkin Arrow
47:52 Chain Mail Armor
47:52 Leather Archer Armor
Connection lost

Rejoining the realm…

Still unreachable

The connection could not be restored.

Session expired

The server has moved on; the page needs a fresh start.